 Dungeon Crawl Stone Soup version 0.18-a0-731-ga019a5f (webtiles) character file.

151 JokEr the Ruffian (level 5, -9/45 (48) HPs)
             Began as a Ghoul Monk on Dec 9, 2015.
             Mangled by Sigmund
             ... wielding a +0 scythe
              (12 damage)
             ... on level 3 of the Dungeon.
             The game lasted 00:04:23 (2927 turns).

JokEr the Ruffian (Ghoul Monk)                      Turns: 2927, Time: 00:04:23

HP:   -9/45 (48)    AC:  5    Str: 16    XL:     5   Next: 33%
MP:   4/4           EV: 11    Int:  5    God:
Gold: 119           SH:  0    Dex: 11    Spells: 0 memorised, 4 levels left

rFire  . . .     SeeInvis .       - Unarmed
rCold  + . .     Clarity  .     l - +0 ring mail
rNeg   + + +     SustAt   .     (no shield)
rPois  ∞         Gourm    .     (no helmet)
rElec  .         Spirit   .     (no cloak)
rCorr  .         Dismiss  .     (no gloves)
rMut   .         Stasis   .     (no boots)
MR     .....                    (no amulet)
Stlth  +.........               (no ring)
                                (no ring)

@: rotting, not resistant to hostile enchantments, very unstealthy
A: rotting body, claws 1, carnivore 3, cold resistance 1, negative energy
resistance 3, slow regeneration 1, torment resistance, unbreathing
a: no special abilities


You were on level 3 of the Dungeon.
You were not hungry.

You visited 1 branch of the dungeon, and saw 3 of its levels.

You collected 119 gold pieces.

Inventory:

Armour
 l - a +0 ring mail (worn)
Scrolls
 a - a scroll of remove curse {unknown}
 c - 2 scrolls of recharging
 d - a scroll of enchant armour
 g - 2 scrolls of identify
 h - a scroll of immolation
Potions
 e - a potion of ambrosia {unknown}
 i - a potion of heal wounds {unknown}
 j - a potion of poison {unknown}
Comestibles
 b - 4 meat rations
 f - a beef jerky


   Skills:
 + Level 5.0 Fighting
 - Level 2.6 Dodging
 - Level 2.1 Stealth
 + Level 5.9 Unarmed Combat


You had 4 spell levels left.
You didn't know any spells.

Dungeon Overview and Level Annotations

Branches:
Dungeon (3/15)

Altars:
Elyvilon
Trog

Annotations:
D:3 Sigmund


Innate Abilities, Weirdness & Mutations

Your body is rotting away.
You thrive on raw meat.
You are immune to poison.
You have sharp fingernails.
You are carnivorous and can eat meat at any time.
Your flesh is cold resistant.
You are immune to negative energy.
You regenerate slowly when monsters are visible.
You are immune to unholy pain and torment.
You can survive without breathing.


Message History

You barely miss the goblin.
The goblin is heavily wounded.
Something hits you. The goblin hits you but does no damage.
You scratch the goblin.
You kill the goblin!
Something hits you.
* * * LOW HITPOINT WARNING * * *
You are too injured to fight recklessly!
Drink which item? (? for menu, Esc to quit)
Okay, then.
Read which item? (? for menu, Esc to quit)
Okay, then.
You claw the giant newt!
You kill the giant newt!
You barely miss the hobgoblin. Something hits you!
* * * LOW HITPOINT WARNING * * *
The hobgoblin closely misses you.
You closely miss the hobgoblin. You closely miss the hobgoblin.
Something hits you!
You die...

#.###. #..#.# #.......#
#.#..# #....... #.#..#
#...... #.#..#### #.<...
##.#.....# #....
###.#.#.##.# {..
#..###..##.# #g#
#.#.#.####.# #@# #.##.##
#.# #)#
#.##.#####.#####)######
#.##..................#
#.########.######.....##
#.# #............... #.#
#.######......## #.# #.#
#.....%# #.#
#.########.##.#


You could see a hobgoblin.

Vanquished Creatures
  Natasha (thrice) (D:2)
  Robin (D:3)
  4 adders
  2 oozes
  5 giant geckos
  An orc (D:3)
  2 ball pythons (D:1)
  9 hobgoblins
  5 kobolds
  2 bats
  3 giant cockroaches
  5 giant newts
  12 goblins
  7 rats
61 creatures vanquished.

Notes
Turn   | Place    | Note
--------------------------------------------------------------
     0 | D:1      | JokEr the Ghoul Monk began the quest for the Orb.
     0 | D:1      | Reached XP level 1. HP: 19/19 MP: 0/0
   336 | D:1      | Reached XP level 2. HP: 26/26 MP: 1/1
   981 | D:2      | Reached XP level 3. HP: 28/32 MP: 2/2
  1009 | D:2      | Reached skill level 5 in Unarmed Combat
  1087 | D:2      | Found a bloodstained altar of Trog.
  1249 | D:2      | Noticed Natasha
  1256 | D:2      | Killed Natasha
  1256 | D:2      | Reached XP level 4. HP: 16/40 MP: 3/3
  1505 | D:2      | Noticed Natasha
  1523 | D:2      | Killed Natasha
  1945 | D:2      | Noticed Natasha
  1950 | D:2      | Killed Natasha
  2307 | D:2      | Found a white marble altar of Elyvilon.
  2694 | D:3      | Reached XP level 5. HP: 41/44 MP: 4/4
  2881 | D:3      | Noticed Robin
  2894 | D:3      | Killed Robin
  2894 | D:3      | Reached skill level 5 in Fighting
  2897 | D:3      | Noticed Sigmund
  2927 | D:3      | Mangled by Sigmund

Vault maps used:
D:1:      erik_arrival_cave_to_civilisation
D:2:      bloody_trog, elyvilon_altar_1, kennysheep_potato, uniq_natasha
D:3:      cheibriados_altar_1, gammafunk_temple_overflow_wave, uniq_terence,
          uniq_robin, uniq_sigmund

Action                   |  1- 3 |  4- 6 || total
-------------------------+-------+-------++-------
Melee: Unarmed           |    82 |   116 ||   198
  Use: Scroll            |     2 |     3 ||     5
 Stab: Sleeping          |     5 |       ||     5
  Eat: Chunk             |     2 |     6 ||     8
